puck, lawful female human Valkyrie ------ ##......# ---------- # # |....|# -------------- |.........#######-.--- ### ------# ##.........<...| |........| #|...| # # # |.........)..| |.........# #|....############################.............| -+-.------ ##-...| # # |............| # # ##|...| ### # --------.----- ### ####|...| # # ######## ### # #----- ###------# # ##### ### ######`########@a#####`#.>...|# ### -.-.- # # |....|# ## # |...|### ##.....+# ------.-+-- |...|# ------ |.........| |...-# |.........| |...| |.........| ---.- |.........| # ----------- puck the Skirmisher Experience level: 3 Strength: 17 Dexterity: 18 Constitution: 17 Intelligence: 7 Wisdom: 8 Charisma: 8 Health: 0(28) Energy: 7(7) Def: 4 Gold: 679 Moves: 1320 Dungeon seed: 5LiQs6SgUQKZYZsA Game ID: puck_1559478666 Your Inventory: Coins $ - 679 gold pieces Weapons a - an uncursed +1 long sword (weapon in hand) b - an uncursed +0 dagger Armor e - an uncursed +3 small shield (being worn) Potions f - an uncursed potion of see invisible j - an uncursed potion of invisibility k - a blessed potion of sleeping l - an uncursed potion of object detection Scrolls g - a blessed scroll of teleportation h - an uncursed scroll of identify m - an uncursed scroll of light Tools d - an uncursed oil lamp (0:1153) t - an uncursed magic whistle Spells and supernatural/magical abilities: Name Level Category Cost Memory W - pray for help -- divine ? -- Your skills at the end: Fighting Skills wands [Basic] Weapon Skills dagger [Basic] long sword [Basic] Spellcasting Skills Final Attributes: You were piously aligned. You were immune to cold. You were stealthy. Tyr was noncommittal. You are dead. Vanquished creatures: an orc shaman a rock piercer a yellow light a werejackal an acid blob a yellow mold a gecko a fox a goblin 2 grid bugs a kobold zombie 6 newts 18 creatures vanquished. Voluntary challenges: You were an atheist. You used a wielded weapon 28 times, starting on turn 190. You read items or engraved 1 time, starting on turn 1320. You never genocided any monsters. You never polymorphed an object. You never changed form. You used no wishes. You never split a pudding. You never wrote Elbereth's name. You never violated your personal moral code. Dungeon overview: The Dungeons of Doom: levels 1 to 7 Level 1 a fountain, a vault a long staircase Level 2 Level 3 Level 4 Level 5 some fountains Level 6 Level 7 <- You were here History has recorded: On T:1 you entered the Dungeons of Doom to retrieve the Amulet of Yendor! On T:285 you reached level 2 of The Dungeons of Doom. On T:333 you reached level 3 of The Dungeons of Doom. On T:517 you advanced to experience level 2. On T:540 you reached level 4 of The Dungeons of Doom. On T:662 you reached level 5 of The Dungeons of Doom. On T:765 you reached level 6 of The Dungeons of Doom. On T:786 you reached level 7 of The Dungeons of Doom. On T:849 you advanced to experience level 3. Score breakdown: Gold: 679 ( 9635 points) Experience: 3 levels ( 7878 points) Exploration: 7 levels ( 14.58%) (10718 points) Discoveries: 1 item ( 0.40%) ( 1897 points) Valuables value: (no points given unless you survive) Artifact value: 0 ( 0 points) Variety of kills: 12 monsters ( 3.16%) ( 5331 points) Turncount: 1320 turns ( 0 points) Survival: died (score multiplied by 80%) Total score: 28367 Latest messages: The giant ant bites! That is a silly thing to equip. You start equipping your small shield. You are now holding a small shield. The giant ant bites! The giant ant misses. You are now wielding your long sword. The giant ant bites! You hit the giant ant! The giant ant bites! (2x) You miss the giant ant. The giant ant bites! You miss the giant ant. The giant ant misses. The giant ant bites! You miss the giant ant. The giant ant bites! You miss the giant ant. The giant ant bites! (2x) You write in the dust with your fingers. The giant ant bites! You die... For some reason, you think that you can almost hear the Wizard laugh manically... Final status: Farvel puck the Valkyrie, killed by a giant ant... You died in The Dungeons of Doom on dungeon level 7 with 28367 points, and 679 pieces of gold, after 1320 moves. You were level 3 with a maximum of 28 hit points when you died.